 Dungeon Crawl Stone Soup version 0.29.1-15-g9cfb28693d (webtiles) character file.

Game seed: 2245536500655559828

881 Descartes the Digger (level 8, -5/52 HPs)
             Began as a Formicid Earth Elementalist on May 2, 2023.
             Was an Initiate of Gozag.
             Slain by Duvessa
             ... wielding a +0 rapier
              (13 damage)
             ... on level 4 of the Dungeon.
             The game lasted 00:09:50 (5965 turns).

Descartes the Digger (Formicid Earth Elementalist)  Turns: 5965, Time: 00:09:51

Health: -5/52      AC:  4    Str: 16    XL:     8   Next: 25%
Magic:  11/14      EV: 12    Int: 14    God:    Gozag
Gold:   292        SH:  0    Dex: 20    Spells: 14/15 levels left

rFire   . . .      SeeInvis +   g - +2 dagger (venom)
rCold   . . .      Faith    .   (no shield)
rNeg    . . .      Spirit   .   a - +0 robe
rPois   .          Reflect  .   (helmet unavailable)
rElec   .          Harm     .   (no cloak)
rCorr   .          Rampage  .   k - +0 pair of gloves
Will    .....                   q - +0 pair of boots
Stlth   ++........              i - amulet of the acrobat
HPRegen 0.17/turn               m - +6 ring of dexterity
MPRegen 0.14/turn               (no ring)

@: mighty
A: permanent stasis, dig shafts and tunnels, antennae 3, four strong arms
a: Dig, Shaft Self, Renounce Religion, Potion Petition, Call Merchant, Bribe
Branch


You were on level 4 of the Dungeon.
You worshipped Gozag.
Gozag was aware of your devotion.
You visited 2 branches of the dungeon, and saw 6 of its levels.

You collected 417 gold pieces.
You paid 125 gold pieces to Gozag.

Inventory:

Hand Weapons
 g - a +2 dagger of venom (weapon)
Missiles
 o - 9 poisoned darts
Armour
 a - a +0 robe (worn)
 k - a +0 pair of gloves (worn)
 q - a +0 pair of boots (worn)
Magical Staves
 v - a staff of death
Jewellery
 i - an amulet of the acrobat (around neck)
 m - a +6 ring of dexterity (left hand)
Wands
 s - a wand of flame (17)
 t - a wand of polymorph (13)
Scrolls
 c - 6 scrolls of identify {unknown}
 e - a scroll of noise {unknown}
 f - a scroll of poison {unknown}
 l - a scroll of immolation {unknown}
 n - 2 scrolls of vulnerability {unknown}
 p - 2 scrolls of enchant weapon {unknown}
 r - a scroll of fear {unknown}
 w - a scroll of blinking {unknown}
 x - a scroll of teleportation {unknown}
Potions
 b - 2 potions of magic
 d - a potion of brilliance {unknown}
 h - a potion of invisibility {unknown}
 j - 2 potions of curing
 u - 2 potions of might
 z - a potion of flight {unknown}
 A - a potion of ambrosia {unknown}
 B - a potion of lignification {unknown}


   Skills:
 + Level 3.6 Armour
 - Level 1.7 Dodging
 - Level 2.4 Stealth
 + Level 4.1 Spellcasting
 + Level 3.0 Conjurations
 + Level 3.9 Transmutations
 + Level 5.6 Earth Magic
 + Level 3.5 Evocations


You had 14 spell levels left.
You knew the following spells:

 Your Spells              Type           Power      Damage    Failure   Level
a - Sandblast             Erth           36%        2d10      1%          1

Your spell library contained the following spells:

 Spells                   Type           Power      Damage    Failure   Level
 Passwall                 Tmut/Erth      13%        N/A       4%          2
 Stone Arrow              Conj/Erth      30%        3d8       10%         3
 Petrify                  Tmut/Erth      16%        N/A       26%         4


Dungeon Overview and Level Annotations

Branches:
Dungeon (5/15)             Temple (1/1) D:4

Altars:
Ashenzari
Elyvilon
Gozag
Hepliaklqana
Kikubaaqudgha
Makhleb
Nemelex Xobeh
Qazlal
Ru
Sif Muna
Trog
Uskayaw
Vehumet
Wu Jian
Xom
Zin
The Shining One

Annotations:
D:4 Dowan, Duvessa


Innate Abilities, Weirdness & Mutations

You cannot be hasted, slowed, berserked, paralysed or teleported.
You can dig through walls and to a lower floor.
You have a pair of large antennae on your head. (SInv)
Your four strong arms can wield two-handed weapons with a shield.


Message History

Press: ? - help, Shift-Dir - straight line, f - Duvessa, p - Dowan
Aim: Duvessa, wielding a +0 rapier and wearing a +0 scale mail (heavily wounded, fast, 87% to hit)
The blast of sand hits Duvessa but does no damage.
Duvessa is heavily wounded.
Duvessa hits you with a +0 rapier. Duvessa misses you.
Dowan hits you with a +0 dagger. Duvessa hits you with a +0 rapier!
Duvessa barely misses you. Dowan hits you with a +0 dagger.
* * * LOW HITPOINT WARNING * * *
You climb upwards.
There is a stone staircase leading down here.
It was a potion of curing.
You feel better. Duvessa hits you with a +0 rapier.
Dowan hits you with a +0 dagger. Duvessa barely misses you.
Casting: Sandblast (safe; 1% risk of failure)
Confirm with . or Enter, or press ? or * to list all spells.
Aiming: Sandblast (safe; 1% risk of failure)
Press: ? - help, Shift-Dir - straight line, f - Duvessa
Aim: Duvessa, wielding a +0 rapier and wearing a +0 scale mail (heavily wounded, fast, 87% to hit)
The blast of sand hits Duvessa.
Duvessa is heavily wounded.
Duvessa hits you with a +0 rapier!
* * * LOW HITPOINT WARNING * * *
Dowan closely misses you. Duvessa hits you with a +0 rapier.
* * * LOW HITPOINT WARNING * * *
Dowan points at you and mumbles some strange words.
You easily resist.
Casting: Sandblast (safe; 1% risk of failure)
Confirm with . or Enter, or press ? or * to list all spells.
Aiming: Sandblast (safe; 1% risk of failure)
Press: ? - help, Shift-Dir - straight line, f/p - Duvessa
Aim: Duvessa, wielding a +0 rapier and wearing a +0 scale mail (heavily wounded, fast, 87% to hit)
Okay, then.
It was a potion of might.
You feel very mighty all of a sudden. Duvessa closely misses you.
Dowan hits you with a +0 dagger.
* * * LOW HITPOINT WARNING * * *
You feel better. Duvessa hits you with a +0 rapier.
* * * LOW HITPOINT WARNING * * *
Duvessa hits you with a +0 rapier!
You die...
Your body crumbles into a pile of gold.

#.# ##.....##..###.# ##.#.# #.#
##P..P..P#...##.###....# #.#
#...~~~.........##.....# ###.#
#..♣~~~~.#...#####....## ....#
#..~~~♣~♣#..## #.#.## #####
#.~♣~~...#..# #.#.# #
#..~~♣~..#..# ##.#.#### #
#)♣~♣♣.e♣#..#####.......# #
#.P.~..♣@............##.# #
#.....♣##e#.#.###.......# #
#..P...##.#...# #.......# #
#....P.##.#...# #.#...#.# #
##.....###....###.......# #
#####............#.......# #
#..........<.....#.#...#.# #
#.###............#.......#
########.####.#####...###.......#


You could see Duvessa (fast) and Dowan.

Vanquished Creatures
  A black bear (D:5)
  An ogre (D:5)
  2 phantoms (D:4)
  2 necrophages
  A scorpion (D:5)
  2 jellies
  Jessica (D:2)
  Natasha (thrice) (D:2)
  4 orc wizards
  2 adders
  4 gnolls (D:4)
  A worm (D:3)
  2 dart slugs (D:1)
  7 orcs
  2 bats (D:1)
  7 endoplasms
  3 giant cockroaches
  5 goblins
  6 hobgoblins
  3 jackals (D:1)
  2 quokkas (D:3)
  7 ball pythons
  3 frilled lizards
  5 kobolds
  4 rats
80 creatures vanquished.

Vanquished Creatures (others)
  A plant (D:4)
1 creature vanquished.

Grand Total: 81 creatures vanquished

Notes
Turn   | Place    | Note
-------+----------+-------------------------------------------
     0 | D:1      | Descartes the Formicid Earth Elementalist began the quest
                  | for the Orb.
     0 | D:1      | Reached XP level 1. HP: 13/13 MP: 3/3
   119 | D:1      | Reached XP level 2. HP: 19/19 MP: 1/5
   234 | D:1      | Found a faded altar of an unknown god.
   653 | D:1      | Reached XP level 3. HP: 24/24 MP: 2/6
   672 | D:1      | Reached skill level 1 in Armour
   672 | D:1      | Reached skill level 1 in Evocations
  1236 | D:2      | Noticed Jessica
  1253 | D:2      | Killed Jessica
  1254 | D:2      | Reached skill level 4 in Earth Magic
  1254 | D:2      | Reached XP level 4. HP: 30/30 MP: 2/7
  1338 | D:2      | Found a sacrificial altar of Ru.
  1393 | D:2      | Reached skill level 1 in Conjurations
  1824 | D:2      | Noticed Natasha
  1830 | D:2      | Killed Natasha
  1997 | D:2      | Noticed Natasha
  2001 | D:2      | Killed Natasha
  2002 | D:2      | Reached XP level 5. HP: 35/35 MP: 6/9
  2022 | D:2      | Noticed Natasha
  2028 | D:2      | Killed Natasha
  2305 | D:2      | Found a sacrificial altar of Ru.
  2715 | D:3      | Found a shimmering blue altar of Sif Muna.
  2939 | D:3      | Found an ornate altar of the Wu Jian Council.
  3365 | D:3      | Reached XP level 6. HP: 41/41 MP: 6/10
  3669 | D:4      | Found a staircase to the Ecumenical Temple.
  3709 | Temple   | Entered the Ecumenical Temple
  4072 | D:4      | Found a radiant altar of Vehumet.
  4239 | D:4      | Reached XP level 7. HP: 31/46 MP: 5/12
  4360 | D:4      | Reached skill level 5 in Earth Magic
  4833 | D:5      | Entered Level 5 of the Dungeon
  5128 | D:5      | Found an opulent altar of Gozag.
  5134 | D:5      | Became a worshipper of Gozag Ym Sagoz the Greedy
  5343 | D:5      | Reached XP level 8. HP: 19/52 MP: 10/13
  5938 | D:5      | Noticed Duvessa
  5938 | D:5      | Noticed Dowan
  5965 | D:4      | Slain by Duvessa

Illustrated notes

Levels and vault maps discovered:
D:1:      dpeg_chamrin_arrival_tetris, layout_basic,
          hellmonk_ecumenical_altar_run_dry, chequers_garden, minmay_box_of_dots
D:2:      layout_rooms, basic_altar, amcnicky_mini_corridor_feature,
          small_statue_intersection, glass_columns_c, uniq_natasha, uniq_jessica
D:3:      layout_loops_corners, led_sif_book,
          mainiacjoe_overflow_small_starburst
D:4:      layout_loops_ring, vehumet_altar_wand_db, temple_hall,
          serial_bayou_pond_a
D:5:      layout_basic, nicolae_gozag_cash_rules_everything_around_me,
          ebering_ghost_disaster_area, uniq_duvessa
Temple:   nicolae_temple_ecumenical_triangle

Skill      XL: |  1  2  3  4  5  6  7  8 |
---------------+-------------------------+-----
Armour         | 1 2 3 |  3.6
Evocations     | 1 2 3 |  3.5
Earth Magic    | 4 5 |  5.6
Conjurations   | 1 2 3 |  3.0
Transmutations | 2 3 |  3.9
Spellcasting   | 3 4 |  4.1
Dodging        | |  1.7
Stealth        | |  2.4

Action                   |  1- 3 |  4- 6 |  7- 9 || total
-------------------------+-------+-------+-------++-------
Melee: Dagger            |       |     1 |    14 ||    15
 Cast: Sandblast         |    32 |    94 |    54 ||   180
  Use: Potion            |       |       |     3 ||     3
Armor: Robe              |     2 |     3 |    12 ||    17
Dodge: Dodged            |     9 |    20 |    47 ||    76
